Flyers vs Flames
Created - 5 janvier 2014 at 19:21
Goals
|
| Flyers |
0 |
0 |
1 |
1 |
| Flames |
1 |
2 |
2 |
5 |
|
Shots
|
| Flyers |
8 |
8 |
10 |
26 |
| Flames |
6 |
16 |
16 |
38 |
|
1st period
1. Flames , Josef Vasicek 13 (Andrej Meszaros, Mark Bell) at 1:26
Penalties :
David Backes (Cal) for Interference (Minor) at 5:35
2nd period
2. Flames , Eric Staal 26 (Steve Eminger, Milan Hejduk) at 9:52
3. Flames , Mike Leclerc 7 (Marcel Goc) at 17:53
Penalties :
Jordin Tootoo (Cal) for Hooking (Minor) at 4:44, Mike Lundin (Phi) for Slashing (Minor) at 12:01
3rd period
4. Flames , Michal Handzus 15 (David Backes, Petr Schastlivy) at 2:11
5. Flames , Niklas Kronwall 1 (Andrej Sekera, Derek Meech) at 6:07
6. Flyers , Jeff O'Neill 8 (Nolan Pratt, Chris Mason) at 9:09
Penalties :
Niklas Kronwall (Cal) for Hooking (Minor) at 3:47
Goalie Stats
Chris Mason (Phi), 33 saves from 38 shots - (0,868), L, 9-14-4, 60:00 minutes
Craig Anderson (Cal), 25 saves from 26 shots - (0,962), W, 13-5-0, 60:00 minutes
Players Stats for Flyers
Player Name G A P +/- PIM S H SB GA TA FO MP PP MP PK MP
------------------------------------------------------------------------------------
Alex Tanguay 0 0 0 -2 0 1 3 0 0 2 0/1 21:56 3:06 1:09
Blair Betts 0 0 0 0 0 0 1 0 0 0 2/3 6:48 0:00 0:26
Chris Pronger 0 0 0 -1 0 0 0 1 1 0 0/0 25:38 2:57 0:56
David Vyborny 0 0 0 0 0 0 2 1 0 0 0/0 19:40 2:46 0:00
Erik Cole 0 0 0 0 0 2 3 0 0 0 0/0 20:15 2:46 0:50
James Wisniewski 0 0 0 -2 0 0 2 1 1 0 0/0 22:17 3:00 1:03
Jeff O'Neill 1 0 1 0 0 4 1 1 0 0 5/11 19:43 2:46 0:24
Justin Williams 0 0 0 0 0 0 0 0 0 0 0/0 0:30 0:05 0:00
Mark Giordano 0 0 0 -1 0 0 2 1 0 0 0/0 14:30 0:00 0:23
Martin St. Louis 0 0 0 -2 0 5 4 1 2 0 0/1 20:47 3:06 0:00
Mike Lundin 0 0 0 -1 2 0 1 0 0 1 0/0 22:45 2:57 0:00
Nolan Pratt 0 1 1 -1 0 1 0 1 0 0 0/0 13:42 0:00 0:00
Olli Jokinen 0 0 0 -2 0 2 0 1 1 0 3/4 11:38 0:00 0:00
Ryane Clowe 0 0 0 0 0 0 0 0 0 0 0/0 7:19 0:05 0:00
Scott Hannan 0 0 0 -2 0 1 1 0 0 0 0/0 21:13 3:00 1:36
Scottie Upshall 0 0 0 -2 0 1 2 0 0 0 1/1 12:17 0:05 0:00
Sheldon Keefe 0 0 0 -2 0 5 2 0 0 1 0/0 15:06 0:00 0:00
Sydney Crosby 0 0 0 -2 0 4 3 1 1 0 11/27 21:56 3:06 1:09
Players Stats for Flames
Player Name G A P +/- PIM S H SB GA TA FO MP PP MP PK MP
------------------------------------------------------------------------------------
Alexander Semin 0 0 0 3 0 8 0 0 0 0 2/2 19:41 1:02 1:03
Andrej Meszaros 0 1 1 0 0 0 0 0 0 0 0/0 13:43 0:59 0:00
Andrej Sekera 0 1 1 1 0 2 0 0 0 0 0/0 20:23 0:59 2:07
Branko Radivojevic 0 0 0 -1 0 0 3 0 0 0 0/0 9:04 0:00 0:00
David Backes 0 1 1 1 2 2 1 0 0 0 0/0 15:08 1:02 0:00
Derek Meech 0 1 1 2 0 0 1 0 0 1 0/0 22:11 1:00 2:07
Eric Staal 1 0 1 2 0 9 1 1 0 1 10/21 20:25 1:02 2:12
Jordin Tootoo 0 0 0 2 2 0 0 0 1 0 1/1 12:20 0:00 0:33
Josef Vasicek 1 0 1 1 0 3 0 0 1 1 1/6 12:19 0:57 0:00
Marcel Goc 0 1 1 -1 0 1 1 0 1 0 2/2 9:04 0:00 0:00
Mark Bell 0 1 1 1 0 0 0 1 0 0 0/0 12:19 0:57 0:00
Michal Handzus 1 0 1 1 0 3 0 0 0 0 6/10 17:18 0:00 3:12
Mike Leclerc 1 0 1 -1 0 2 1 2 0 0 1/1 12:21 0:00 3:17
Milan Hejduk 0 1 1 2 0 0 1 0 0 0 3/5 18:02 0:57 0:00
Niklas Kronwall 1 0 1 3 2 2 0 0 1 0 0/0 21:49 1:00 0:00
Petr Schastlivy 0 1 1 1 0 3 4 0 0 0 0/0 15:39 0:00 1:37
Ron Hainsey 0 0 0 0 0 0 1 0 0 1 0/0 16:21 0:00 3:50
Steve Eminger 0 1 1 3 0 3 2 0 0 2 0/0 25:53 0:00 3:50
3 Stars
1 - Craig Anderson (Cal)
2 - Eric Staal (Cal)
3 - Steve Eminger (Cal)
Power Play
Flyers - 0 on 3 Attempt(s) - 0,00%
Flames - 0 on 1 Attempt(s) - 0,00%
Penalty Kill
Flyers - 1 on 1 Attempt(s) - 100,00%
- Score 0 goal in Penalty Kill
Flames - 3 on 3 Attempt(s) - 100,00%
- Score 0 goal in Penalty Kill
Official
Referees : Hasenfratz Mike and Hebert Ghislain
Linesman : Jonny Murray and David Brisebois
Game Notes
No Game Note
Finance
Level 1 -- Attendance: 4404 (73,40%) -- Ticket Income 396 360 $
Level 2 -- Attendance: 3419 (68,38%) -- Ticket Income 205 140 $
Level 3 -- Attendance: 1338 (66,90%) -- Ticket Income 46 830 $
Level 4 -- Attendance: 2947 (73,68%) -- Ticket Income 64 834 $
Luxury Box -- Attendance: 688 (68,80%) -- Ticket Income 130 032 $
Game was played at the Metal Center
Total Attendance: 12796 (71,09%)
Total Ticket Income: 843 196 $
Other Income: 126 479 $
Total Income: 969 675 $
Flyers
5 vs 5 Forward
Center Left Wing Right Wing Time % Phy DF OF
1 Sydney Crosby Alex Tanguay Martin St. Louis 40 1 1 3
2 Jeff O'Neill Erik Cole David Vyborny 30 1 1 3
3 Olli Jokinen Scottie Upshall Sheldon Keefe 20 1 3 1
4 Blair Betts Ryane Clowe Sheldon Keefe 10 0 5 0
5 vs 5 Defense
Defense Defense Time % Phy DF OF
1 Chris Pronger Mike Lundin 40 1 2 2
2 Scott Hannan James Wisniewski 30 1 2 2
3 Nolan Pratt Mark Giordano 20 1 2 2
4 Chris Pronger James Wisniewski 10 1 2 2
PowerPlay Forward
Center Left Wing Right Wing Time % Phy DF OF
1 Sydney Crosby Alex Tanguay Martin St. Louis 60 1 2 2
2 Jeff O'Neill Erik Cole David Vyborny 40 1 2 2
PowerPlay Defense
Defense Defense Time % Phy DF OF
1 Chris Pronger Mike Lundin 60 1 2 2
2 Scott Hannan James Wisniewski 40 1 2 2
Penalty Kill 4 Players Forward
Center Wing Time % Phy DF OF
1 Sydney Crosby Alex Tanguay 60 1 2 2
2 Jeff O'Neill Erik Cole 40 1 2 2
Penalty Kill 4 Players Defense
Defense Defense Time % Phy DF OF
1 Chris Pronger Mike Lundin 60 1 2 2
2 Scott Hannan James Wisniewski 40 1 2 2
Penalty Kill - 3 Players Forward
Forward Time % Phy DF OF
1 Sydney Crosby 60 1 2 2
2 Jeff O'Neill 40 1 2 2
Penalty Kill - 3 Players Defense
Defense Defense Time % Phy DF OF
1 Chris Pronger Mike Lundin 60 1 2 2
2 Scott Hannan James Wisniewski 40 1 2 2
4 vs 4 Forward
Center Wing Time % Phy DF OF
1 Sydney Crosby Alex Tanguay 60 1 2 2
2 Jeff O'Neill Erik Cole 40 1 2 2
4 vs 4 Defense
Defense Defense Time % Phy DF OF
1 Chris Pronger Mike Lundin 60 1 2 2
2 Scott Hannan James Wisniewski 40 1 2 2
Last Minutes Offensive
Center Left Wing Right Wing Defense Defense
Sydney Crosby Alex Tanguay Martin St. Louis Chris Pronger Mark Giordano
Last Minutes Defensive
Center Left Wing Right Wing Defense Defense
Sydney Crosby Erik Cole David Vyborny Chris Pronger Mark Giordano
Goaltenders
Starting : Chris Mason
Backup : Mathieu Garon
Extra Forwards
Normal : Scottie Upshall, Ryane Clowe, Blair Betts - PP : Scottie Upshall, Ryane Clowe - PK : Blair Betts
Extra Defensemen
Normal : Nolan Pratt, Mark Giordano, Scott Hannan - PP : Nolan Pratt - PK : Mark Giordano, Scott Hannan
Penalty Shots
Sydney Crosby, Alex Tanguay, Martin St. Louis, Erik Cole, Scottie Upshall
Flames
5 vs 5 Forward
Center Left Wing Right Wing Time % Phy DF OF
1 Eric Staal Alexander Semin Milan Hejduk 40 1 2 2
2 Michal Handzus Petr Schastlivy David Backes 30 1 2 2
3 Josef Vasicek Mark Bell Jordin Tootoo 20 1 2 2
4 Marcel Goc Mike Leclerc Branko Radivojevic 10 1 2 2
5 vs 5 Defense
Defense Defense Time % Phy DF OF
1 Niklas Kronwall Steve Eminger 40 1 2 2
2 Andrej Sekera Derek Meech 30 1 2 2
3 Andrej Meszaros Ron Hainsey 20 1 2 2
4 Derek Meech Steve Eminger 10 1 2 2
PowerPlay Forward
Center Left Wing Right Wing Time % Phy DF OF
1 Eric Staal Alexander Semin David Backes 60 1 1 3
2 Josef Vasicek Mark Bell Milan Hejduk 40 1 1 3
PowerPlay Defense
Defense Defense Time % Phy DF OF
1 Niklas Kronwall Derek Meech 60 1 1 3
2 Andrej Sekera Andrej Meszaros 40 1 1 3
Penalty Kill 4 Players Forward
Center Wing Time % Phy DF OF
1 Michal Handzus Mike Leclerc 60 1 3 1
2 Eric Staal Petr Schastlivy 40 1 3 1
Penalty Kill 4 Players Defense
Defense Defense Time % Phy DF OF
1 Ron Hainsey Steve Eminger 60 1 3 1
2 Andrej Sekera Derek Meech 40 1 3 1
Penalty Kill - 3 Players Forward
Forward Time % Phy DF OF
1 Michal Handzus 60 1 3 1
2 Eric Staal 40 1 3 1
Penalty Kill - 3 Players Defense
Defense Defense Time % Phy DF OF
1 Ron Hainsey Steve Eminger 60 1 4 0
2 Andrej Sekera Derek Meech 40 1 4 0
4 vs 4 Forward
Center Wing Time % Phy DF OF
1 Eric Staal Alexander Semin 60 1 2 2
2 Michal Handzus Milan Hejduk 40 1 2 2
4 vs 4 Defense
Defense Defense Time % Phy DF OF
1 Niklas Kronwall Steve Eminger 60 1 2 2
2 Andrej Sekera Derek Meech 40 1 2 2
Last Minutes Offensive
Center Left Wing Right Wing Defense Defense
Eric Staal Alexander Semin David Backes Niklas Kronwall Steve Eminger
Last Minutes Defensive
Center Left Wing Right Wing Defense Defense
Eric Staal Mike Leclerc David Backes Ron Hainsey Steve Eminger
Goaltenders
Starting : Craig Anderson
Backup : Pekka Rinne
Extra Forwards
Normal : Milan Hejduk, Mark Bell, Petr Schastlivy - PP : Milan Hejduk, Marcel Goc - PK : Jordin Tootoo
Extra Defensemen
Normal : Niklas Kronwall, Derek Meech, Andrej Sekera - PP : Andrej Meszaros - PK : Derek Meech, Andrej Sekera
Penalty Shots
Eric Staal, David Backes, Alexander Semin, Milan Hejduk, Marcel Goc
% Time on Ice - Flyers
Lines # - Real PCT - Wanted PCT - Time Play
Normal Forward
1 - 34% - 40% - 17:49
2 - 32% - 30% - 16:33
3 - 22% - 20% - 11:38
4 - 12% - 10% - 6:04
Normal Defense
1 - 39% - 40% - 20:08
2 - 31% - 30% - 15:55
3 - 26% - 20% - 13:42
4 - 4% - 10% - 2:19
PP Forward
1 - 54% - 60% - 3:11
2 - 46% - 40% - 2:46
PP Defense
1 - 50% - 60% - 2:57
2 - 50% - 40% - 3:00
PK Forward
1 - 80% - 60% - 1:35
2 - 20% - 40% - 0:24
PK Defense
1 - 47% - 60% - 0:56
2 - 53% - 40% - 1:03
PK3 Forward
1 - 0% - 60%
2 - 0% - 40%
PK3 Defense
1 - 0% - 60%
2 - 0% - 40%
44 Forward
1 - 0% - 60%
2 - 0% - 40%
44 Defense
1 - 0% - 60%
2 - 0% - 40%
Last Minute Offensive - 0:00
Last Minute Defensive - 0:00
Total
Forward - 60:00
Defense - 60:00
|
% Time on Ice - Flames
Lines # - Real PCT - Wanted PCT - Time Play
Normal Forward
1 - 34% - 40% - 17:36
2 - 27% - 30% - 14:02
3 - 22% - 20% - 11:22
4 - 17% - 10% - 9:04
Normal Defense
1 - 40% - 40% - 20:34
2 - 33% - 30% - 17:17
3 - 23% - 20% - 11:48
4 - 5% - 10% - 2:25
PP Forward
1 - 52% - 60% - 1:02
2 - 48% - 40% - 0:57
PP Defense
1 - 50% - 60% - 1:00
2 - 50% - 40% - 0:59
PK Forward
1 - 73% - 60% - 4:20
2 - 27% - 40% - 1:37
PK Defense
1 - 64% - 60% - 3:50
2 - 36% - 40% - 2:07
PK3 Forward
1 - 0% - 60%
2 - 0% - 40%
PK3 Defense
1 - 0% - 60%
2 - 0% - 40%
44 Forward
1 - 0% - 60%
2 - 0% - 40%
44 Defense
1 - 0% - 60%
2 - 0% - 40%
Last Minute Offensive - 0:00
Last Minute Defensive - 0:00
Total
Forward - 60:00
Defense - 60:00
|
Play by Play
1st period
0:01 of 1st period - Eric Staal wins face-off versus Sydney Crosby in neutral zone.
0:35 of 1st period - Backhand shot by Erik Cole.
0:35 of 1st period - Stopped by Craig Anderson with a rebound.
1:10 of 1st period - Off-side.
1:11 of 1st period - Josef Vasicek wins face-off versus Martin St. Louis in neutral zone.
1:18 of 1st period - Backhand shot by Mark Bell.
1:18 of 1st period - Shot Misses the Net.
1:20 of 1st period - Wrist shot by Josef Vasicek.
1:20 of 1st period - Shot Misses the Net.
1:22 of 1st period - Slapshot by Andrej Meszaros.
1:22 of 1st period - Shot Misses the Net.
1:24 of 1st period - Wrist shot by Josef Vasicek.
1:24 of 1st period - Stopped by Chris Mason with a rebound.
1:26 of 1st period - Slapshot by Josef Vasicek.
1:26 of 1st period - Goal by Josef Vasicek - Flyers : 0 - Flames : 1.
1:27 of 1st period - Eric Staal wins face-off versus Blair Betts in neutral zone.
1:43 of 1st period - Wrist shot by Eric Staal.
1:43 of 1st period - Deflect By Mark Giordano.
1:43 of 1st period - Stopped by Chris Mason with a rebound.
1:57 of 1st period - Snap shot by Jeff O'Neill.
1:57 of 1st period - Stopped by Craig Anderson with a rebound.
2:34 of 1st period - Nolan Pratt is hit by David Backes and loses puck.
3:53 of 1st period - Snap shot by Olli Jokinen.
3:53 of 1st period - Shot Misses the Net.
3:55 of 1st period - Snap shot by Scottie Upshall.
3:55 of 1st period - Stopped by Craig Anderson with a rebound.
4:07 of 1st period - Wrist shot by Erik Cole.
4:07 of 1st period - Deflect By Jeff O'Neill.
4:07 of 1st period - Stopped by Craig Anderson without a rebound.
4:08 of 1st period - Eric Staal wins face-off versus Jeff O'Neill in Flames zone.
4:13 of 1st period - Erik Cole is hit by Eric Staal and loses puck.
4:51 of 1st period - Slapshot by Marcel Goc.
4:51 of 1st period - Deflect By Mike Leclerc.
4:51 of 1st period - Stopped by Chris Mason with a rebound.
5:11 of 1st period - Wrist shot by Erik Cole.
5:11 of 1st period - Stopped by Craig Anderson with a rebound.
5:15 of 1st period - Slapshot by Jeff O'Neill.
5:15 of 1st period - Stopped by Craig Anderson without a rebound.
5:16 of 1st period - Sydney Crosby wins face-off versus Eric Staal in Flames zone.
5:17 of 1st period - Wrist shot by Martin St. Louis.
5:17 of 1st period - Shot Misses the Net.
5:32 of 1st period - Snap shot by Martin St. Louis.
5:32 of 1st period - Deflect By Sydney Crosby.
5:32 of 1st period - Shot Blocked by Eric Staal.
5:32 of 1st period - Puck is out of play.
5:33 of 1st period - Michal Handzus wins face-off versus Olli Jokinen in Flames zone.
5:35 of 1st period - Minor Penalty to David Backes for Interference.
5:36 of 1st period - Sydney Crosby wins face-off versus Michal Handzus in Flames zone.
5:41 of 1st period - Backhand shot by Martin St. Louis.
5:41 of 1st period - Shot Blocked by Mike Leclerc.
5:43 of 1st period - Snap shot by Martin St. Louis.
5:43 of 1st period - Shot Blocked by Mike Leclerc.
5:45 of 1st period - Slapshot by Chris Pronger.
5:45 of 1st period - Deflect By Alex Tanguay.
5:45 of 1st period - Stopped by Craig Anderson with a rebound.
6:20 of 1st period - Andrej Sekera is hit by Sydney Crosby and loses puck.
7:05 of 1st period - Jeff O'Neill is hit by Ron Hainsey and loses puck.
7:35 of 1st period - Penalty to David Backes is over, David Backes is back on ice.
8:02 of 1st period - Nolan Pratt is hit by Branko Radivojevic and loses puck.
8:39 of 1st period - Niklas Kronwall is hit by Sheldon Keefe.
9:36 of 1st period - Olli Jokinen is hit by Marcel Goc and loses puck.
10:34 of 1st period - Sheldon Keefe is hit by Branko Radivojevic and loses puck.
11:13 of 1st period - Josef Vasicek is hit by James Wisniewski and loses puck.
11:51 of 1st period - Ron Hainsey is hit by Erik Cole and loses puck.
13:00 of 1st period - Slapshot by Josef Vasicek.
13:00 of 1st period - Stopped by Chris Mason with a rebound.
13:39 of 1st period - Derek Meech is hit by Erik Cole and loses puck.
14:01 of 1st period - Wrist shot by Marcel Goc.
14:01 of 1st period - Stopped by Chris Mason with a rebound.
14:46 of 1st period - Alexander Semin is hit by Scott Hannan.
14:52 of 1st period - Wrist shot by Olli Jokinen.
14:52 of 1st period - Stopped by Craig Anderson with a rebound.
15:29 of 1st period - Snap shot by Mike Leclerc.
15:29 of 1st period - Shot Blocked by Nolan Pratt.
15:57 of 1st period - Niklas Kronwall is hit by Blair Betts and loses puck.
16:55 of 1st period - Snap shot by Michal Handzus.
16:55 of 1st period - Shot Misses the Net.
18:14 of 1st period - Slapshot by Jordin Tootoo.
18:14 of 1st period - Deflect By Josef Vasicek.
18:14 of 1st period - Shot Misses the Net.
18:14 of 1st period - Puck is out of play.
18:15 of 1st period - Blair Betts wins face-off versus Josef Vasicek in Flyers zone.
18:39 of 1st period - Milan Hejduk is hit by Erik Cole and loses puck.
19:26 of 1st period - Icing by Olli Jokinen.
19:27 of 1st period - Scottie Upshall wins face-off versus Eric Staal in Flyers zone.
19:32 of 1st period - Wrist shot by Alexander Semin.
19:32 of 1st period - Shot Misses the Net.
19:34 of 1st period - Wrist shot by Eric Staal.
19:34 of 1st period - Deflect By Alexander Semin.
19:34 of 1st period - Shot Misses the Net.
19:34 of 1st period - Puck is out of play.
19:35 of 1st period - Sydney Crosby wins face-off versus Milan Hejduk in Flyers zone.
2nd period
0:01 of 2nd period - Sydney Crosby wins face-off versus Eric Staal in neutral zone.
0:06 of 2nd period - Wrist shot by Martin St. Louis.
0:06 of 2nd period - Stopped by Craig Anderson with a rebound.
0:08 of 2nd period - Wrist shot by Martin St. Louis.
0:08 of 2nd period - Stopped by Craig Anderson with a rebound.
0:53 of 2nd period - Off-side.
0:54 of 2nd period - Marcel Goc wins face-off versus Sydney Crosby in neutral zone.
1:05 of 2nd period - Snap shot by Sydney Crosby.
1:05 of 2nd period - Shot Hit the Post.
1:07 of 2nd period - Snap shot by Martin St. Louis.
1:07 of 2nd period - Stopped by Craig Anderson without a rebound.
1:08 of 2nd period - Sydney Crosby wins face-off versus Eric Staal in Flames zone.
1:24 of 2nd period - Wrist shot by Alex Tanguay.
1:24 of 2nd period - Shot Misses the Net.
1:46 of 2nd period - Snap shot by Jordin Tootoo.
1:46 of 2nd period - Shot Misses the Net.
1:48 of 2nd period - Slapshot by Andrej Sekera.
1:48 of 2nd period - Stopped by Chris Mason with a rebound.
2:00 of 2nd period - Scott Hannan is hit by Petr Schastlivy and loses puck.
2:29 of 2nd period - Scott Hannan is hit by Branko Radivojevic and loses puck.
3:32 of 2nd period - Slapshot by Josef Vasicek.
3:32 of 2nd period - Shot Misses the Net.
3:50 of 2nd period - Slapshot by Eric Staal.
3:50 of 2nd period - Shot Misses the Net.
3:52 of 2nd period - Slapshot by Alexander Semin.
3:52 of 2nd period - Stopped by Chris Mason with a rebound.
3:54 of 2nd period - Snap shot by Eric Staal.
3:54 of 2nd period - Deflect By Alexander Semin.
3:54 of 2nd period - Stopped by Chris Mason without a rebound.
3:55 of 2nd period - Jeff O'Neill wins face-off versus Milan Hejduk in Flyers zone.
3:55 of 2nd period - Jeff O'Neill is hit by Milan Hejduk.
4:33 of 2nd period - Martin St. Louis is hit by Petr Schastlivy and loses puck.
4:43 of 2nd period - Off-side.
4:44 of 2nd period - Olli Jokinen wins face-off versus Josef Vasicek in neutral zone.
4:44 of 2nd period - Minor Penalty to Jordin Tootoo for Hooking.
4:45 of 2nd period - Michal Handzus wins face-off versus Sydney Crosby in Flames zone.
4:54 of 2nd period - Mike Lundin is hit by Steve Eminger and loses puck.
5:24 of 2nd period - Snap shot by Petr Schastlivy.
5:24 of 2nd period - Shot Blocked by David Vyborny.
6:19 of 2nd period - Icing by Martin St. Louis.
6:20 of 2nd period - Jeff O'Neill wins face-off versus Eric Staal in Flyers zone.
6:44 of 2nd period - Penalty to Jordin Tootoo is over, Jordin Tootoo is back on ice.
6:48 of 2nd period - Snap shot by Alexander Semin.
6:48 of 2nd period - Stopped by Chris Mason without a rebound.
6:49 of 2nd period - Olli Jokinen wins face-off versus Josef Vasicek in Flyers zone.
6:56 of 2nd period - Slapshot by Olli Jokinen.
6:56 of 2nd period - Shot Misses the Net.
6:58 of 2nd period - Slapshot by Chris Pronger.
6:58 of 2nd period - Shot Misses the Net.
7:00 of 2nd period - Snap shot by Sheldon Keefe.
7:00 of 2nd period - Stopped by Craig Anderson with a rebound.
7:04 of 2nd period - Slapshot by Olli Jokinen.
7:04 of 2nd period - Stopped by Craig Anderson with a rebound.
7:41 of 2nd period - Icing by Mike Lundin.
7:42 of 2nd period - Jeff O'Neill wins face-off versus Eric Staal in Flyers zone.
8:29 of 2nd period - Snap shot by Petr Schastlivy.
8:29 of 2nd period - Stopped by Chris Mason with a rebound.
8:31 of 2nd period - Wrist shot by Niklas Kronwall.
8:31 of 2nd period - Deflect By Michal Handzus.
8:31 of 2nd period - Stopped by Chris Mason with a rebound.
8:33 of 2nd period - Wrist shot by Michal Handzus.
8:33 of 2nd period - Shot Misses the Net.
8:35 of 2nd period - Wrist shot by Petr Schastlivy.
8:35 of 2nd period - Deflect By Jeff O'Neill.
8:35 of 2nd period - Stopped by Chris Mason with a rebound.
8:37 of 2nd period - Snap shot by Michal Handzus.
8:37 of 2nd period - Stopped by Chris Mason without a rebound.
8:38 of 2nd period - Alexander Semin wins face-off versus Sydney Crosby in Flyers zone.
8:43 of 2nd period - Snap shot by Alexander Semin.
8:43 of 2nd period - Shot Blocked by Sydney Crosby.
8:45 of 2nd period - Slapshot by Steve Eminger.
8:45 of 2nd period - Shot Blocked by Martin St. Louis.
8:47 of 2nd period - Slapshot by Steve Eminger.
8:47 of 2nd period - Stopped by Chris Mason with a rebound.
8:49 of 2nd period - Slapshot by Milan Hejduk.
8:49 of 2nd period - Shot Blocked by James Wisniewski.
8:51 of 2nd period - Snap shot by Eric Staal.
8:51 of 2nd period - Stopped by Chris Mason with a rebound.
8:53 of 2nd period - Slapshot by Steve Eminger.
8:53 of 2nd period - Shot Misses the Net.
9:03 of 2nd period - Petr Schastlivy is hit by Scottie Upshall and loses puck.
9:45 of 2nd period - Wrist shot by Sydney Crosby.
9:45 of 2nd period - Stopped by Craig Anderson without a rebound.
9:46 of 2nd period - Eric Staal wins face-off versus Sydney Crosby in Flames zone.
9:46 of 2nd period - Eric Staal is hit by Martin St. Louis.
9:52 of 2nd period - Slapshot by Steve Eminger.
9:52 of 2nd period - Deflect By Eric Staal.
9:52 of 2nd period - Goal by Eric Staal - Flyers : 0 - Flames : 2.
9:53 of 2nd period - Sydney Crosby wins face-off versus Eric Staal in neutral zone.
10:06 of 2nd period - Snap shot by Eric Staal.
10:06 of 2nd period - Shot Misses the Net.
11:04 of 2nd period - Marcel Goc is hit by Mark Giordano and loses puck.
11:11 of 2nd period - Marcel Goc is hit by Martin St. Louis and loses puck.
12:01 of 2nd period - Minor Penalty to Mike Lundin for Slashing.
12:02 of 2nd period - Eric Staal wins face-off versus Sydney Crosby in Flyers zone.
12:03 of 2nd period - Wrist shot by Alexander Semin.
12:03 of 2nd period - Shot Misses the Net.
12:05 of 2nd period - Wrist shot by Eric Staal.
12:05 of 2nd period - Shot Misses the Net.
12:07 of 2nd period - Slapshot by Derek Meech.
12:07 of 2nd period - Shot Misses the Net.
12:09 of 2nd period - Snap shot by Eric Staal.
12:09 of 2nd period - Stopped by Chris Mason with a rebound.
12:56 of 2nd period - Off-side.
12:57 of 2nd period - Blair Betts wins face-off versus Josef Vasicek in neutral zone.
13:46 of 2nd period - Slapshot by Erik Cole.
13:46 of 2nd period - Shot Blocked by Mark Bell.
14:01 of 2nd period - Penalty to Mike Lundin is over, Mike Lundin is back on ice.
14:22 of 2nd period - Wrist shot by Sheldon Keefe.
14:22 of 2nd period - Stopped by Craig Anderson with a rebound.
16:47 of 2nd period - Derek Meech is hit by David Vyborny and loses puck.
17:51 of 2nd period - Icing by Martin St. Louis.
17:52 of 2nd period - Marcel Goc wins face-off versus Sydney Crosby in Flyers zone.
17:53 of 2nd period - Snap shot by Mike Leclerc.
17:53 of 2nd period - Goal by Mike Leclerc - Flyers : 0 - Flames : 3.
17:54 of 2nd period - Sydney Crosby wins face-off versus Eric Staal in neutral zone.
17:59 of 2nd period - Eric Staal is hit by Alex Tanguay and loses puck.
18:10 of 2nd period - Snap shot by Sydney Crosby.
18:10 of 2nd period - Stopped by Craig Anderson with a rebound.
18:20 of 2nd period - Petr Schastlivy is hit by James Wisniewski and loses puck.
19:13 of 2nd period - Snap shot by Alexander Semin.
19:13 of 2nd period - Stopped by Chris Mason without a rebound.
19:14 of 2nd period - Eric Staal wins face-off versus Sydney Crosby in Flyers zone.
19:15 of 2nd period - Snap shot by Alexander Semin.
19:15 of 2nd period - Stopped by Chris Mason with a rebound.
19:23 of 2nd period - Backhand shot by Alexander Semin.
19:23 of 2nd period - Stopped by Chris Mason with a rebound.
19:39 of 2nd period - Michal Handzus is hit by David Vyborny and loses puck.
19:48 of 2nd period - Wrist shot by Jeff O'Neill.
19:48 of 2nd period - Shot Misses the Net.
3rd period
0:01 of 3rd period - Milan Hejduk wins face-off versus Sydney Crosby in neutral zone.
0:30 of 3rd period - Snap shot by David Backes.
0:30 of 3rd period - Stopped by Chris Mason without a rebound.
0:31 of 3rd period - Jeff O'Neill wins face-off versus Michal Handzus in Flyers zone.
1:30 of 3rd period - Snap shot by Jeff O'Neill.
1:30 of 3rd period - Shot Misses the Net.
1:36 of 3rd period - Slapshot by Niklas Kronwall.
1:36 of 3rd period - Stopped by Chris Mason without a rebound.
1:37 of 3rd period - Milan Hejduk wins face-off versus Sydney Crosby in Flyers zone.
1:38 of 3rd period - Snap shot by Eric Staal.
1:38 of 3rd period - Deflect By Alexander Semin.
1:38 of 3rd period - Stopped by Chris Mason with a rebound.
2:11 of 3rd period - Backhand shot by Michal Handzus.
2:11 of 3rd period - Goal by Michal Handzus - Flyers : 0 - Flames : 4.
2:12 of 3rd period - Eric Staal wins face-off versus Alex Tanguay in neutral zone.
2:19 of 3rd period - Slapshot by Eric Staal.
2:19 of 3rd period - Deflect By Chris Pronger.
2:19 of 3rd period - Stopped by Chris Mason with a rebound.
2:21 of 3rd period - Snap shot by Eric Staal.
2:21 of 3rd period - Stopped by Chris Mason without a rebound.
2:22 of 3rd period - Alexander Semin wins face-off versus Sydney Crosby in Flyers zone.
2:41 of 3rd period - Slapshot by Eric Staal.
2:41 of 3rd period - Stopped by Chris Mason without a rebound.
2:42 of 3rd period - Michal Handzus wins face-off versus Jeff O'Neill in Flyers zone.
2:55 of 3rd period - Wrist shot by David Backes.
2:55 of 3rd period - Stopped by Chris Mason with a rebound.
3:16 of 3rd period - Slapshot by Sydney Crosby.
3:16 of 3rd period - Stopped by Craig Anderson without a rebound.
3:17 of 3rd period - Eric Staal wins face-off versus Jeff O'Neill in Flames zone.
3:32 of 3rd period - Snap shot by Eric Staal.
3:32 of 3rd period - Stopped by Chris Mason without a rebound.
3:33 of 3rd period - Michal Handzus wins face-off versus Sydney Crosby in Flyers zone.
3:47 of 3rd period - Minor Penalty to Niklas Kronwall for Hooking.
3:48 of 3rd period - Mike Leclerc wins face-off versus Sydney Crosby in Flames zone.
3:48 of 3rd period - Mike Leclerc is hit by Martin St. Louis.
4:50 of 3rd period - James Wisniewski is hit by Derek Meech and loses puck.
5:00 of 3rd period - Icing by Scott Hannan.
5:01 of 3rd period - Jordin Tootoo wins face-off versus Sydney Crosby in Flyers zone.
5:47 of 3rd period - Penalty to Niklas Kronwall is over, Niklas Kronwall is back on ice.
5:55 of 3rd period - Slapshot by Sheldon Keefe.
5:55 of 3rd period - Stopped by Craig Anderson with a rebound.
6:05 of 3rd period - Slapshot by Andrej Sekera.
6:05 of 3rd period - Shot Blocked by Chris Pronger.
6:07 of 3rd period - Slapshot by Niklas Kronwall.
6:07 of 3rd period - Goal by Niklas Kronwall - Flyers : 0 - Flames : 5.
6:08 of 3rd period - Sydney Crosby wins face-off versus Eric Staal in neutral zone.
6:33 of 3rd period - David Vyborny is hit by Petr Schastlivy and loses puck.
6:52 of 3rd period - Wrist shot by Sheldon Keefe.
6:52 of 3rd period - Stopped by Craig Anderson without a rebound.
6:53 of 3rd period - Olli Jokinen wins face-off versus Josef Vasicek in Flames zone.
6:58 of 3rd period - Slapshot by Sheldon Keefe.
6:58 of 3rd period - Stopped by Craig Anderson without a rebound.
6:59 of 3rd period - Sydney Crosby wins face-off versus Eric Staal in Flames zone.
7:31 of 3rd period - Off-side.
7:32 of 3rd period - Michal Handzus wins face-off versus Jeff O'Neill in neutral zone.
7:41 of 3rd period - Slapshot by David Backes.
7:41 of 3rd period - Shot Misses the Net.
7:43 of 3rd period - Wrist shot by David Backes.
7:43 of 3rd period - Shot Misses the Net.
7:45 of 3rd period - Wrist shot by Michal Handzus.
7:45 of 3rd period - Shot Misses the Net.
7:59 of 3rd period - Eric Staal is hit by Alex Tanguay and loses puck.
8:08 of 3rd period - Slapshot by Martin St. Louis.
8:08 of 3rd period - Stopped by Craig Anderson with a rebound.
8:49 of 3rd period - Slapshot by Josef Vasicek.
8:49 of 3rd period - Shot Misses the Net.
8:51 of 3rd period - Slapshot by David Backes.
8:51 of 3rd period - Deflect By Petr Schastlivy.
8:51 of 3rd period - Stopped by Chris Mason with a rebound.
9:09 of 3rd period - Slapshot by Jeff O'Neill.
9:09 of 3rd period - Goal by Jeff O'Neill - Flyers : 1 - Flames : 5.
9:10 of 3rd period - Sydney Crosby wins face-off versus Eric Staal in neutral zone.
9:26 of 3rd period - Icing by Eric Staal.
9:27 of 3rd period - Milan Hejduk wins face-off versus Jeff O'Neill in Flames zone.
10:16 of 3rd period - Snap shot by Alexander Semin.
10:16 of 3rd period - Stopped by Chris Mason with a rebound.
10:18 of 3rd period - Slapshot by Steve Eminger.
10:18 of 3rd period - Stopped by Chris Mason with a rebound.
10:20 of 3rd period - Slapshot by Niklas Kronwall.
10:20 of 3rd period - Shot Blocked by Olli Jokinen.
10:22 of 3rd period - Slapshot by Steve Eminger.
10:22 of 3rd period - Stopped by Chris Mason without a rebound.
10:23 of 3rd period - Sydney Crosby wins face-off versus Michal Handzus in Flyers zone.
12:28 of 3rd period - Snap shot by Marcel Goc.
12:28 of 3rd period - Shot Misses the Net.
12:30 of 3rd period - Snap shot by Branko Radivojevic.
12:30 of 3rd period - Shot Misses the Net.
12:40 of 3rd period - David Backes is hit by Mark Giordano and loses puck.
12:55 of 3rd period - Nolan Pratt is hit by Steve Eminger and loses puck.
13:02 of 3rd period - Jordin Tootoo is hit by Sydney Crosby and loses puck.
13:26 of 3rd period - Wrist shot by Eric Staal.
13:26 of 3rd period - Shot Misses the Net.
13:32 of 3rd period - Eric Staal is hit by Mike Lundin and loses puck.
13:54 of 3rd period - Snap shot by David Backes.
13:54 of 3rd period - Shot Misses the Net.
14:11 of 3rd period - Mark Giordano is hit by Mike Leclerc and loses puck.
14:37 of 3rd period - Jordin Tootoo is hit by Jeff O'Neill and loses puck.
15:01 of 3rd period - Derek Meech is hit by Sydney Crosby and loses puck.
15:20 of 3rd period - Off-side.
15:21 of 3rd period - Jeff O'Neill wins face-off versus Michal Handzus in neutral zone.
15:46 of 3rd period - Alexander Semin is hit by Sheldon Keefe and loses puck.
16:27 of 3rd period - Jordin Tootoo is hit by Alex Tanguay and loses puck.
16:32 of 3rd period - Slapshot by Sydney Crosby.
16:32 of 3rd period - Stopped by Craig Anderson with a rebound.
16:34 of 3rd period - Slapshot by Sydney Crosby.
16:34 of 3rd period - Shot Misses the Net.
16:36 of 3rd period - Backhand shot by Scott Hannan.
16:36 of 3rd period - Stopped by Craig Anderson without a rebound.
16:37 of 3rd period - Eric Staal wins face-off versus Sydney Crosby in Flames zone.
16:44 of 3rd period - Backhand shot by Martin St. Louis.
16:44 of 3rd period - Stopped by Craig Anderson with a rebound.
16:46 of 3rd period - Slapshot by Nolan Pratt.
16:46 of 3rd period - Shot Misses the Net.
16:54 of 3rd period - Alexander Semin is hit by Martin St. Louis and loses puck.
17:11 of 3rd period - Snap shot by Petr Schastlivy.
17:11 of 3rd period - Shot Blocked by Jeff O'Neill.
17:13 of 3rd period - Slapshot by Derek Meech.
17:13 of 3rd period - Shot Blocked by Mark Giordano.
17:35 of 3rd period - Slapshot by Nolan Pratt.
17:35 of 3rd period - Deflect By Josef Vasicek.
17:35 of 3rd period - Stopped by Craig Anderson with a rebound.
18:15 of 3rd period - Snap shot by Eric Staal.
18:15 of 3rd period - Stopped by Chris Mason with a rebound.
18:33 of 3rd period - Olli Jokinen is hit by Petr Schastlivy and loses puck.
18:38 of 3rd period - Slapshot by David Backes.
18:38 of 3rd period - Shot Misses the Net.
18:40 of 3rd period - Slapshot by Andrej Sekera.
18:40 of 3rd period - Stopped by Chris Mason without a rebound.
18:41 of 3rd period - Eric Staal wins face-off versus Jeff O'Neill in Flyers zone.
19:11 of 3rd period - Wrist shot by Sydney Crosby.
19:11 of 3rd period - Deflect By Martin St. Louis.
19:11 of 3rd period - Shot Misses the Net.
19:11 of 3rd period - Puck is out of play.
19:12 of 3rd period - Michal Handzus wins face-off versus Sydney Crosby in Flames zone.
19:37 of 3rd period - Eric Staal is hit by Scottie Upshall and loses puck.
19:48 of 3rd period - Snap shot by Alexander Semin.
19:48 of 3rd period - Shot Hit the Post.
Output by the SimonT Hockey Simulator (STHS) for François Prévost -- Original Page W3C XHTML 1.0 Valid